 Dungeon Crawl Stone Soup version 0.29.1-2-gbd0b4ee654 (webtiles) character file.

Game seed: 4863479410298970312

3402 GorkyZ the Covered (level 10, -2/61 HPs)
             Began as a Gargoyle Fighter on Nov 26, 2022.
             Shot with an arrow by a centaur (10 damage)
             ... on level 9 of the Dungeon.
             The game lasted 00:32:24 (8993 turns).

GorkyZ the Covered (Gargoyle Fighter)               Turns: 8993, Time: 00:32:26

Health: -2/61      AC: 22    Str: 24    XL:     10   Next: 4%
Magic:  0/10       EV:  7    Int:  9    God:
Gold:   514        SH:  5    Dex:  9    Spells: 9/9 levels left

rFire   . . .      SeeInvis +   k - +3 war axe (flame)
rCold   . . .      Faith    .   c - +0 buckler
rNeg    + . .      Spirit   +   o - +1 plate armour
rPois   ∞          Reflect  .   (no helmet)
rElec   +          Harm     .   (no cloak)
rCorr   .          Rampage  .   g - +0 pair of gloves
Will    .....                   (no boots)
Stlth   ..........              J - amulet of guardian spirit
HPRegen 0.20/turn               q - ring of see invisible
MPRegen 0.12/turn               (no ring)

@: marked
A: sickness immunity, AC +7, negative energy resistance 1, electricity
resistance, torment resistance 1, petrification resistance
a: no special abilities


You were on level 9 of the Dungeon.
You visited 2 branches of the dungeon, and saw 10 of its levels.

You collected 514 gold pieces.

Inventory:

Hand Weapons
 a - a +0 war axe
 k - a +3 war axe of flaming (weapon)
 K - a +5 trident
Missiles
 m - 22 poisoned darts (quivered)
 u - 5 boomerangs
 w - 5 throwing nets
Armour
 b - a +0 scale mail
 c - a +0 buckler (worn)
 g - a +0 pair of gloves (worn)
 o - a +1 plate armour (worn)
Jewellery
 e - the amulet "Gubysh" {RegenMP rElec}
   (You found it on level 3 of the Dungeon)

   [amulet of magic regeneration]

   It increases your rate of magic regeneration.
   rElec:     It insulates you from electricity.
 i - an amulet of the acrobat
 q - a ring of see invisible (left hand)
 v - a ring of wizardry
 E - a ring of wizardry
 F - a ring of fire
 H - a ring of ice
 J - an amulet of guardian spirit (around neck)
Wands
 p - a wand of charming (6)
 y - a wand of mindburst (4)
Scrolls
 j - 3 scrolls of teleportation
 l - a scroll of butterflies
 n - a scroll of blinking
 x - a scroll of poison
 A - a scroll of torment
 C - a scroll of summoning
Potions
 d - 2 potions of might
 f - a potion of cancellation
 h - 4 potions of brilliance
 r - 3 potions of berserk rage
 s - a potion of invisibility
 t - a potion of mutation
 z - a potion of degeneration
 B - 2 potions of curing
 D - a potion of heal wounds
 I - a potion of ambrosia


   Skills:
 + Level 6.6 Fighting
 + Level 5.0 Axes
 + Level 4.6 Throwing
 + Level 6.7 Armour
 + Level 4.2 Dodging
 + Level 6.5 Shields
 + Level 4.5 Evocations


You had 9 spell levels left.
You didn't know any spells.
Your spell library contained the following spells:

 Spells                   Type           Power      Damage    Failure   Level
 Necrotise                Necr           0%         1d4       100%        1
 Gell's Gravitas          Tloc           0%         N/A       100%        3
 Ozocubu's Armour         Ice            0%         N/A       100%        3
 Teleport Other           Tloc           0%         N/A       100%        3
 Vampiric Draining        Necr           0%         2d6       100%        3
 Petrify                  Tmut/Erth      0%         N/A       100%        4
 Agony                    Necr           0%         N/A       100%        5
 Irradiate                Conj/Tmut      0%         3d11      100%        5
 Dispersal                Tloc           0%         N/A       100%        6
 Ozocubu's Refrigeration  Ice            0%         4d7       100%        7
 Sublimation of Blood     Necr           Unusable   N/A       N/A         2

Dungeon Overview and Level Annotations

Branches:
Dungeon (9/15)             Temple (1/1) D:5
   Lair: D:8-11         Orc: D:9-12

Altars:
Ashenzari
Cheibriados
Dithmenos
Elyvilon
Fedhas
Hepliaklqana
Kikubaaqudgha
Makhleb
Nemelex Xobeh
Okawaru
Qazlal
Ru
Sif Muna
Trog
Uskayaw
Vehumet
Wu Jian
Xom
Yredelemnul
Zin
The Shining One

Shops:
D:3 (   D:9 ?


Innate Abilities, Weirdness & Mutations

You are immune to sickness and miasma.
Your stone body is resilient. (AC +7)
You are immune to poison.
You resist negative energy. (rN+)
You are resistant to electric shocks. (rElec)
You are resistant to unholy torment.
You are immune to petrification.


Message History

The orc warrior is moderately wounded.
You closely miss the orc. You miss the orc wizard.
You hear the faint creaking of a portcullis.
The centaur shoots an arrow.
The arrow barely misses you. The goblin barely misses you.
The orc hits you with a +0 short sword.
The orc warrior hits you with a +0 dire flail!
The orc wizard hits you but does no damage.
You block the goblin's attack.
The centaur shoots an arrow.
The arrow hits you but does no damage. The goblin closely misses you.
The orc wizard points at you and mumbles some strange words.
Keep disrobing?
The puff of flame hits you but does no damage.
The orc barely misses you.
The orc warrior hits you with a +0 dire flail.
The orc wizard gestures at you while chanting.
The puff of flame hits you.
* * * LOW HITPOINT WARNING * * *
The goblin hits you but does no damage.
The centaur shoots an arrow.
The arrow hits you.
* * * LOW HITPOINT WARNING * * *
The goblin closely misses you.
You start removing your amulet.
You continue taking off your amulet of guardian spirit.
The centaur shoots an arrow.
You block the arrow. The orc hits you but does no damage.
The goblin barely misses you.
The orc warrior hits you but does no damage.
The orc wizard hits you but does no damage.
The goblin hits you but does no damage.
The centaur shoots an arrow.
The arrow hits you but does no damage. You block the goblin's attack.
You continue taking off your amulet of guardian spirit.
The goblin splashes around in the water.
You block the orc's attack.
The orc warrior hits you with a +0 dire flail!
* * * LOW HITPOINT WARNING * * *
The orc wizard casts a spell at you.
The puff of flame hits you but does no damage.
The goblin closely misses you. The goblin barely misses you.
You continue taking off your amulet of guardian spirit.
The centaur shoots an arrow.
The arrow hits you!
You die...

*,,,,,*,,,,,,,,,,,,
*,,,,,,,****,,,,,,,
*,,,,,*** *,,,,,,, ***,***
*,,,,,,, **###****,**
*****,** *,,...,,,,,* *,,*
**.###.####,* **,*
*,.....oo.#,** #####+#
*,~~~~~c≈@#,,* ####......
*,~#####oo##+####..'......
*,~*,,,#ggg....##.##......
*,~*,∩,#≈go$...'..##......
*,~*,,,#~......#####......
*,~**,*#~.)....# #......
*,~~~~≈~~......# #######
*^,........#####
**,........#


You could see an orc warrior, a centaur, 2 orc wizards, 2 orcs and 4 goblins.

Vanquished Creatures
  3 yaks (D:8)
  A steam dragon (D:8)
  An acid dragon (D:8)
  2 water moccasins (D:7)
  2 orc warriors (D:8)
  A sky beast (D:8)
  5 centaurs
  3 ogres
  2 kobold brigands
  2 bullfrogs
  A necrophage (D:6)
  A scorpion (D:6)
  4 wights (D:8)
  2 jellies
  4 hounds
  2 gnoll boudas (D:4)
  4 orc priests
  Terence (D:2)
  An iguana (D:5)
  9 orc wizards
  10 adders
  16 gnolls
  A river rat (D:5)
  A white imp (D:6)
  3 ufetubi (D:5)
  3 worms
  A dart slug (D:2)
  40 orcs
  8 ball pythons
  7 endoplasms
  4 giant cockroaches
  5 goblins
  8 hobgoblins
  10 jackals
  4 quokkas
  6 bats
  7 frilled lizards
  20 kobolds
  7 rats
212 creatures vanquished.

Vanquished Creatures (others)
  An orc (D:8)
  A bat (D:3)
2 creatures vanquished.

Grand Total: 214 creatures vanquished

Notes
Turn   | Place    | Note
-------+----------+-------------------------------------------
     0 | D:1      | GorkyZ the Gargoyle Fighter began the quest for the Orb.
     0 | D:1      | Reached XP level 1. HP: 14/14 MP: 1/1
   203 | D:1      | Reached XP level 2. HP: 19/19 MP: 2/2
   808 | D:2      | Reached XP level 3. HP: 22/23 MP: 3/3
   902 | D:2      | Noticed Terence
   930 | D:2      | Killed Terence
   931 | D:2      | Reached skill level 1 in Throwing
   931 | D:2      | Reached skill level 1 in Evocations
   931 | D:2      | Reached XP level 4. HP: 7/28 MP: 4/4
  1264 | D:2      | Reached skill level 1 in Dodging
  1448 | D:2      | Reached XP level 5. HP: 20/33 MP: 5/5
  2012 | D:3      | Found Ulewol's Antique Weapon Shop.
  2379 | D:3      | Identified the amulet "Gubysh" {RegenMP rElec}
  2398 | D:3      | Noticed a kobold brigand
  2410 | D:3      | Killed a kobold brigand
  2411 | D:3      | Reached XP level 6. HP: 38/38 MP: 6/6
  3539 | D:4      | Reached XP level 7. HP: 35/44 MP: 7/7
  4599 | D:5      | Entered Level 5 of the Dungeon
  4599 | D:5      | Found a staircase to the Ecumenical Temple.
  4605 | Temple   | Entered the Ecumenical Temple
  5166 | D:5      | Reached XP level 8. HP: 35/48 MP: 8/8
  5306 | D:5      | Found a glowing drain.
  5338 | D:5      | Reached skill level 5 in Armour
  5498 | D:5      | Found a broken altar of Ashenzari.
  5858 | D:6      | Reached skill level 5 in Fighting
  5918 | D:6      | Reached skill level 5 in Shields
  6734 | D:7      | Reached XP level 9. HP: 48/55 MP: 9/9
  7043 | D:7      | Found a hazy altar of Hepliaklqana.
  7244 | D:8      | Found an ornate altar of the Wu Jian Council.
  7967 | D:8      | Reached XP level 10. HP: 44/61 MP: 7/10
  7980 | D:8      | Reached skill level 5 in Axes
  8931 | D:9      | Found Buint's Magic Scroll Boutique.
  8993 | D:9      | Shot with an arrow by a centaur

Illustrated notes

Levels and vault maps discovered:
D:1:      grunt_arrival_lava_bath, layout_rooms,
          dilly_ecumenical_altar_fadedgnrine, minmay_misc_feat_chi,
          nicolae_kite_square_tiling_tiny, minmay_crystal_water,
          minmay_tromino_v4_c
D:2:      layout_basic, solitary_fountain,
          wander_ebering_terrifying_dragon_lair, uniq_terence
D:3:      cheibrodos_thug_alley, layout_basic, serial_shops,
          nicolae_shop_statue_plus, minmay_checkerbox
D:4:      layout_cave_pools
D:5:      layout_basic, lemuel_round_altar, minmay_temple_entry_statues_pillars,
          portal_sewer_entry_c
D:6:      layout_loops_ring
D:7:      layout_gridville, nzn_hepliaklqana_mist_gate, grunt_ogre_cave
D:8:      layout_loops_cross, nicolae_wu_jian_wuxing_cycle, st_stairs_1,
          kennysheep_potato
D:9:      layout_roguey, lemuel_round_altar, serial_shops,
          nicolae_take_the_stairs, enter_bailey_3
Temple:   hc_temple_tempest_star

Skill      XL: |  1  2  3  4  5  6  7  8  9 10 |
---------------+-------------------------------+-----
Axes           | 2 3 4 5 |  5.0
Throwing       | 1 2 3 4 |  4.6
Evocations     | 1 2 3 4 |  4.5
Dodging        | 1 2 3 4 |  4.2
Armour         | 4 5 6 |  6.7
Fighting       | 4 5 6 |  6.6
Shields        | 4 5 6 |  6.5

Action                   |  1- 3 |  4- 6 |  7- 9 | 10-12 || total
-------------------------+-------+-------+-------+-------++-------
Melee: War axe           |   116 |   214 |   333 |    19 ||   682
Throw: Dart              |       |       |    20 |       ||    20
  Use: Scroll            |       |    11 |     7 |     5 ||    23
       Potion            |       |     3 |     4 |     1 ||     8
Armor: Scale mail        |    27 |       |       |       ||    27
       Plate armour      |    59 |   183 |   295 |    35 ||   572
Dodge: Dodged            |    50 |   133 |   196 |    20 ||   399
Block: Buckler           |    31 |    56 |   101 |    12 ||   200
